Map: Orbital Shipyard

Players

Raguel - Winner!

  • Race: Zerg Zerg
  • League: Diamond

Nuckzer

  • Race: Zerg Zerg
  • League: Diamond

VOD

Have the link to the VOD?

Description

Time

  • Played on: Feb. 17, 2016, 2:34 p.m.
  • Length: 9:35
Show
View Real Time Build Order
Export as new Build Order

Raguel Zerg - Winner!

Build Orders: Hatch First 

Get SALT Encoding   

  12  0:01  Drone  
  13  0:12  Overlord  
  13  0:17  Drone  
  14  0:30  Drone x2  
  14  0:34  Drone  
  17  0:54  Hatchery  
  17  0:56  Drone  
  17  1:11  Spawning Pool  
  16  1:13  Drone  
  16  1:16  Extractor  
  16  1:17  Drone  
  17  1:21  Drone  
  18  1:28  Drone  
  19  1:40  Drone  
  20  1:52  Overlord  
  20  1:58  Queen  
  22  2:06  Zergling x2  
  22  2:07  Zergling x2  
  24  2:13  Drone  
  25  2:16  Queen  
  27  2:26  Metabolic Boost  
  27  2:27  Drone  
  27  2:28  Drone  
  29  2:37  Queen  
  29  2:39  Drone  
  29  2:40  Drone x2  
  34  2:46  Baneling Nest  
  33  3:00  Overlord x2  
  32  3:15  Lair  
  32  3:22  Extractor, Drone  
  32  3:23  Drone x5  
  32  3:24  Drone x2  
  39  3:30  Extractor, Baneling  
  39  3:31  Extractor  
  37  3:43  Hatchery  
  37  3:46  Drone  
  37  3:47  Drone x2  
  39  4:04  Baneling  
  39  4:05  Zergling x12  
  45  4:14  Drone x2  
  46  4:35  Drone x5  
  51  4:42  Spire  
  50  4:46  Drone  
  50  4:47  Overlord  
  50  4:48  Overlord  
  51  5:00  Drone x6  
  51  5:06  Zergling x2  
  58  5:07  Zergling x6  
  56  5:37  Baneling x2  
  56  5:38  Baneling  
  56  5:45  Drone x3  
  56  5:46  Zergling x24  
  71  5:57  Mutalisk x2  
  69  6:03  Mutalisk x3  
  70  6:07  Baneling x4  
  70  6:21  Overseer  
  70  6:23  Mutalisk  
  72  6:26  Drone  
  72  6:27  Overlord x2  
  73  6:42  Drone  
  73  6:51  Mutalisk x9  
  88  7:00  Extractor x2  
  84  7:09  Zergling x2  
  84  7:10  Zergling x8  
  84  7:13  Overlord x3  
  89  7:30  Queen  
  90  7:38  Drone  
  90  7:39  Drone x7  
  97  7:59  Zergling x16  
  103  8:09  Drone x3  
  106  8:13  Overlord x3  
  103  8:29  Drone x6  
  97  8:46  Drone x9  
  103  8:55  Zergling x4  
  101  9:07  Mutalisk x3  
  107  9:13  Hatchery  
  106  9:18  Baneling x2  
  106  9:19  Baneling x2  
  105  9:24  Evolution Chamber  
  105  9:26  Evolution Chamber  
Show
View Real Time Build Order
Export as new Build Order

Nuckzer Zerg 

Build Orders: Hatch First 

Get SALT Encoding   

  12  0:01  Drone  
  13  0:10  Drone  
  14  0:18  Overlord  
  14  0:30  Extractor  
  14  0:31  Drone  
  15  0:36  Drone  
  15  0:37  Drone  
  17  0:57  Drone  
  17  0:58  Hatchery  
  17  1:11  Spawning Pool  
  16  1:13  Drone  
  16  1:17  Extractor  
  16  1:19  Drone  
  16  1:25  Drone  
  18  1:30  Drone  
  19  1:38  Overlord  
  19  1:52  Drone  
  20  1:59  Queen  
  20  2:00  Zergling x2  
  23  2:13  Queen  
  23  2:14  Zergling x2  
  26  2:16  Drone  
  26  2:17  Metabolic Boost  
  27  2:30  Drone x2  
  27  2:32  Overlord  
  29  2:42  Baneling Nest, Drone  
  28  2:59  Drone x2  
  30  3:10  Drone x2  
  30  3:11  Drone x5  
  37  3:23  Overlord  
  37  3:28  Hatchery  
  36  3:36  Drone  
  36  3:37  Zergling x2, Drone x2  
  36  3:38  Zergling x2  
  41  3:45  Zergling x6  
  44  3:49  Zergling x4  
  46  3:56  Lair  
  46  4:00  Zergling x4  
  48  4:05  Extractor  
  47  4:12  Zergling x4  
  47  4:16  Drone x3  
  49  4:34  Zergling x2  
  49  4:35  Zergling x8  
  50  4:41  Baneling x2  
  50  4:43  Zergling x4  
  50  4:45  Queen  
  54  4:48  Zergling x4  
  54  4:49  Zergling x2  
  57  4:53  Baneling x3  
  57  5:05  Overlord x2  
  57  5:12  Extractor  
  56  5:21  Drone  
  56  5:23  Overlord x2  
  57  5:39  Drone  
  57  5:40  Drone x11  
  62  6:06  Spire  
  55  6:12  Drone  
  55  6:13  Drone x9  
  55  6:16  Spine Crawler  
  55  6:17  Spine Crawler  
  62  6:18  Zergling x4  
  62  6:19  Extractor  
  62  6:20  Zergling x2  
  62  6:22  Zergling x2  
  64  6:32  Zergling x6  
  67  6:41  Zergling x8  
  67  6:42  Zergling x2  
  68  6:47  Zergling x4  
  68  6:48  Zergling x4  
  68  6:52  Baneling x2  
  68  6:53  Zergling x4  
  72  6:58  Spore Crawler x2  
  72  7:00  Spore Crawler  
  60  7:10  Queen x3  
  63  7:17  Mutalisk x5  
  63  7:18  Mutalisk x2  
  77  7:27  Mutalisk  
  72  7:38  Overlord x4  
  72  7:39  Overlord  
  71  7:50  Baneling x2  
  67  8:05  Extractor  
  67  8:06  Mutalisk x3  
  67  8:10  Extractor  
  67  8:11  Mutalisk  
  73  8:23  Mutalisk  
  73  8:25  Zergling x2  
  73  8:26  Zergling x18  
  67  8:39  Mutalisk  
  58  8:49  Mutalisk  
  46  9:06  Baneling x5  
  46  9:07  Baneling x4, Zergling x2  
  46  9:08  Zergling x10  
Tags
 
Add a new tag
Caveats
  • Supply blocks, unpowered buildings, or Contaminate may cause inaccurate times.
  • Supply counts are checked every 10 seconds.